 Dungeon Crawl Stone Soup version 0.14-a0-2542-g51e44bb (webtiles) character file.

456 Mitsuki the Firebug (level 6, 0/45 HPs)
             Began as a Lava Orc Fire Elementalist on Feb 3, 2014.
             Killed by divine providence
             ... invoked by an orc priest
              (14 damage)
             ... on Level 4 of the Dungeon on Feb 10, 2014.
             The game lasted 00:12:17 (3466 turns).

Mitsuki the Firebug (Lava Orc Fire Elementalist)    Turns: 3466, Time: 00:12:17

HP   0/45        AC  3     Str 11      XL: 6   Next: 13%
MP  13/13        EV 12     Int 17      God:
Gold 158         SH  0     Dex 11      Spells:  2 memorised,  7 levels left

rFire  + + +     SeeInvis .     (no weapon)
rCold  . . .     Clarity  .     n - +0 robe
rNeg   . . .     Conserve .     (no shield)
rPois  .         rCorr    .     (no helmet)
rElec  .         rRot     .     q - +0 cloak
SustAb . .       Spirit   .     (no gloves)
rMut   .         Warding  .     (no boots)
Saprov + . .     Stasis   .     (no amulet)
MR     +....                    p - ring of protection from cold
                                l - cursed ring of protection from magic

@: somewhat resistant to hostile enchantments, unstealthy
A: conserve scrolls, saprovore 1
a: Convert to Beogh


You were on level 4 of the Dungeon.
You were not hungry.

You visited 1 branch of the dungeon, and saw 4 of its levels.

You collected 158 gold pieces.

Inventory:

Armour
 n - a +0 robe (worn)
 q - a +0 cloak (worn)
Magical devices
 o - a wand of slowing (7) {unknown}
Comestibles
 c - 3 meat rations
 f - a bread ration
 r - a royal jelly
 s - 2 chunks of orc flesh
Scrolls
 h - a scroll of remove curse {unknown}
Jewellery
 l - a cursed ring of protection from magic (left hand)
 p - a ring of protection from cold (right hand)
 t - an uncursed ring of ice {unknown}
Potions
 a - a potion of heal wounds {unknown}
 d - a potion of porridge
 e - a potion of might
 g - a potion of curing {unknown}
 i - a potion of paralysis {unknown}
 j - a potion of speed {unknown}
 k - a potion of resistance {unknown}
 m - a potion of agility {unknown}
Books
 b - a book of Flames

   Spells                             Type                      Level
   *Flame Tongue                      Conjuration/Fire             1
   Throw Flame                        Conjuration/Fire             2
   *Conjure Flame                     Conjuration/Fire             3
   Inner Flame                        Hexes/Fire                   3
   Sticky Flame                       Conjuration/Fire             4
   Fireball                           Conjuration/Fire             5


   Skills:
 - Level 1.5 Dodging
 - Level 1.5 Stealth
 + Level 3.2 Spellcasting
 + Level 2.8 Conjurations
 + Level 6.1 Fire Magic


You had 7 spell levels left.
You knew the following spells:

 Your Spells              Type           Power        Failure   Level  Hunger
a - Flame Tongue          Conj/Fire      #####        2%          1    None
b - Conjure Flame         Conj/Fire      #####...     10%         3    ###....


Dungeon Overview and Level Annotations

Branches:
Dungeon (4/16)
 Temple: D:4-7

Altars:
Ashenzari


Innate Abilities, Weirdness & Mutations

You have stony skin.
Your flesh is almost immune to the effects of heat.
Your fire spells are more powerful.
Your flesh is vulnerable to cold.
Your heat harms attackers.
You bathe your surroundings in blazing heat.
You are too hot to use scrolls.
You are very good at protecting items from fire.
You can tolerate rotten meat.


Message History

The orc wizard casts a spell at you. You resist with almost no effort.
The hobgoblin throws a stone.
The stone misses you.
Read which item? (? for menu, Esc to quit)
Okay, then.
The hobgoblin throws a stone.
The stone misses you.
The orc wizard casts a spell.
The orc wizard flickers and vanishes!
Deactivating autopickup; reactivate with Ctrl-A.
The orc priest is burned by your radiant heat.
The orc priest is moderately wounded.
The orc priest hits you with a mace.
The orc priest appears unharmed.
The orc wizard gestures wildly while chanting.
The orc wizard blinks!
Unknown command.
The orc priest invokes the aid of Beogh against you.
You resist.
The orc priest invokes the aid of Beogh against you.
Something smites you!
You die...

#......# #......#
#..# #......#
....
#########.##.#
...
...........#.#
..#
.o......o....#
..#
..o.#####....#
..# ..
#..oz####..######
#....g..@........
#....####..######
#...(# ..# #...##
..# #...# ..#
#...# ..# #...#
..# #.... ..# >


You could see an orc priest, a hobgoblin and a hobgoblin skeleton.

Vanquished Creatures
  The ghost of Jenx the Ruinous, an average DEFE (D:4)
  Crazy Yiuf (D:3)
  A worker ant (D:4)
  2 hounds (D:4)
  An ogre skeleton (D:4)
  3 adders
  5 orcs
  A giant cockroach (D:3)
  6 hobgoblins
  4 kobolds
  9 bats
  A giant newt (D:3)
  5 goblins
  7 rats
47 creatures vanquished.

Notes
Turn   | Place    | Note
--------------------------------------------------------------
     0 | D:1      | Mitsuki, the Lava Orc Fire Elementalist, began the quest for the Orb.
     0 | D:1      | Reached XP level 1. HP: 14/14 MP: 2/2
   646 | D:1      | Reached XP level 2. HP: 20/20 MP: 1/3
   661 | D:1      | Reached skill level 4 in Fire Magic
  1434 | D:2      | Reached XP level 3. HP: 26/26 MP: 1/6
  1482 | D:2      | Upgraded the game from 0.14-a0-2400-gb2944a8 to 0.14-a0-2542-g51e44bb
  1782 | D:2      | Found a shattered altar of Ashenzari.
  2100 | D:3      | Learned a level 3 spell: Conjure Flame
  2490 | D:3      | Noticed Crazy Yiuf
  2514 | D:3      | Killed Crazy Yiuf
  2514 | D:3      | Reached skill level 5 in Fire Magic
  2514 | D:3      | Reached XP level 4. HP: 30/33 MP: 4/8
  2767 | D:4      | Noticed Jenx's ghost (average DEFE)
  2778 | D:4      | Killed Jenx's ghost
  2778 | D:4      | Reached XP level 5. HP: 25/38 MP: 0/10
  3243 | D:4      | Reached skill level 6 in Fire Magic
  3243 | D:4      | Reached XP level 6. HP: 26/45 MP: 1/13
  3466 | D:4      | Killed from afar by an orc priest

Action                   |  1- 3 |  4- 6 || total
-------------------------+-------+-------++-------
Melee: Unarmed           |    60 |    15 ||    75
 Cast: Flame Tongue      |    45 |    41 ||    86
       Conjure Flame     |       |     3 ||     3
  Use: Scroll            |     3 |       ||     3
